 Dungeon Crawl Stone Soup version 0.30-a0-58-gc0703345a7 (webtiles) character file.

Game seed: 6935124535689718766

40 drugrobin the Sneak (level 3, 0/31 HPs)
             Began as a Demigod Delver on Sept 11, 2022.
             Slain by an iguana (4 damage)
             ... on level 5 of the Dungeon.
             The game lasted 00:02:29 (292 turns).

drugrobin the Sneak (Demigod Delver)                 Turns: 292, Time: 00:02:30

Health: 0/31       AC:  3    Str: 15    XL:     3   Next: 14%
Magic:  5/5        EV: 11    Int: 20    God:
Gold:   12         SH:  0    Dex: 13    Spells: 2/2 levels left

rFire   . . .      SeeInvis .    a - +0 short sword
rCold   . . .      Faith    .    (no shield)
rNeg    . . .      Spirit   .    b - +0 leather armour
rPois   .          Reflect  .    (no helmet)
rElec   .          Harm     .    (no cloak)
rCorr   .          Rampage  .    (no gloves)
Will    .....                    (no boots)
Stlth   ++........               (no amulet)
HPRegen 0.10/turn                (no ring)
MPRegen 0.09/turn                (no ring)

@: no status effects
A: high MP 1, forlorn, divine attributes, clever 2, MP-powered wands
a: no special abilities


You were on level 5 of the Dungeon.
You visited 1 branch of the dungeon, and saw 1 of its levels.

You collected 12 gold pieces.

Inventory:

Hand Weapons
 a - a +0 short sword (weapon)
Armour
 b - a +0 leather armour (worn)
Wands
 g - a wand of digging (1)
Scrolls
 c - a scroll of fog
 d - a scroll of magic mapping
 e - a scroll of fear
 h - 3 scrolls of silence {unknown}
 i - a scroll of teleportation {unknown}


   Skills:
 + Level 3.4 Fighting
 + Level 2.7 Short Blades
 - Level 1.7 Dodging
 - Level 4.5 Stealth


You had 2 spell levels left.
You didn't know any spells.
Your spell library contained the following spells:

 Spells                   Type           Power      Damage    Failure   Level
 Stone Arrow              Conj/Erth      0%         3d7       56%         3
 Animate Armour           Summ/Erth      0%         N/A       93%         4
 Lehudib's Crystal Spear  Conj/Erth      0%         10d2      100%        8


Dungeon Overview and Level Annotations

Branches:
Dungeon (5/15)
 Temple: D:4-7


Innate Abilities, Weirdness & Mutations

You have an increased reservoir of magic. (+10% MP)
You shall have no god before yourself.
Your divine heritage dramatically boosts your attributes as you level up.
Your mind is very acute. (Int +8, Str/Dex -2)
You expend magic power (3 MP) to strengthen your wands.


Message History

The howler monkey hoots and howls with incredible vigour!
You hear a bark!
You hear a howl!
You hear a shout! x3
Something shouts, "Away with thee, thou baffled ill-breeding scavenger!"
Unknown command.
Unknown command.
You hit the howler monkey.
The howler monkey is severely wounded.
An iguana comes into view.
The howler monkey barely misses you.
Unknown command.
You hit the howler monkey but do no damage.
The howler monkey is severely wounded.
The howler monkey misses you.
Unknown command.
Unknown command.
You hit the howler monkey.
The howler monkey is almost dead.
The howler monkey hits you.
* * * LOW HITPOINT WARNING * * *
Unknown command.
Unknown command.
You hit the howler monkey.
You kill the howler monkey!
Your Fighting skill increases to level 3!
Your Short Blades skill increases to level 2!
You have reached level 2!
You have reached level 3!
Your experience leads to a dramatic increase in your attributes!
Increase (S)trength, (I)ntelligence, or (D)exterity?
You feel stronger. x4
Unknown command.
Unknown command.
Unknown command.
The iguana attacks as you move away! The iguana barely misses you.
It was a potion of mutation.
You feel extremely strange.
You feel clever.
You feel your magical essence link to the dungeon's wands.
You feel clever. The iguana bites you.
You die...

####.....#########.#.# #.#
#.....[>.....# h# #.#
#.##.....###.# #[# #.#
#.###...## #.# ...###.# #.#
##.## ##.######...##.##### #.#
##.####..................o
#.###........######...##.#####
#........###.### ##.###......
#..#####.# #.@.# #.# #######
#..# #.# #.#l# # #.... #..#
#.....#.# #.### ##.# #.#####w#
#.# #J# !h. #.......# #h.##
####..h.. #..# ##.. ...# ...#


You could see an iguana, a hound and a dart slug.

Vanquished Creatures
  A howler monkey (D:5)
  An orc (D:5)
2 creatures vanquished.

Vanquished Creatures (others)
  3 plants (D:5)
3 creatures vanquished.

Grand Total: 5 creatures vanquished

Notes
Turn   | Place    | Note
-------+----------+-------------------------------------------
     0 | D:5      | drugrobin the Demigod Delver began the quest for the Orb.
     0 | D:5      | Reached XP level 1. HP: 18/18 MP: 3/3
    11 | D:5      | Noticed a jelly
    21 | D:5      | Noticed a howler monkey
    68 | D:5      | Noticed a hound
   282 | D:5      | Noticed a howler monkey
   286 | D:5      | Noticed an iguana
   289 | D:5      | Killed a howler monkey
   290 | D:5      | Reached XP level 2. HP: 3/26 MP: 4/4
   290 | D:5      | Reached XP level 3. HP: 4/31 MP: 5/5
   292 | D:5      | Gained mutation: Your mind is acute. (Int +4, Str/Dex -1)
                  | [potion of mutation]
   292 | D:5      | Gained mutation: You expend magic power (3 MP) to
                  | strengthen your wands. [potion of mutation]
   292 | D:5      | Gained mutation: Your mind is very acute. (Int +8, Str/Dex
                  | -2) [potion of mutation]
   292 | D:5      | Slain by an iguana

Illustrated notes

Levels and vault maps discovered:
D:5:      cheibrodos_barr_body, layout_loops_ring, fedhas_altar_decomposition,
          lemuel_zombie_altar_kikubaaqudgha,
          gammafunk_temple_overflow_forgotten, uniq_eustachio, uniq_ijyb

Skill      XL: |  1 |
---------------+----+-----
Fighting       | 3 |  3.4
Short Blades   | 2 |  2.7
Dodging        | |  1.7
Stealth        | |  4.5

Action                   || total
-------------------------++-------
Melee: Short sword       ||    12
Evoke: Wand              ||     2
  Use: Potion            ||     2
 Stab: Sleeping          ||     1
Dodge: Dodged            ||     5

Table legend: (Time is in decaauts)
 A = Elapsed time spent in this place.
 B = Non-inter-level travel time spent in this place.
 C = Inter-level travel time spent in this place.
 D = Time resting spent in this place.
 E = Time spent auto-exploring this place.
 F = Levels seen in this place.
 G = Mean time per level.
                   A        B        C        D        E       F      G
               +--------+--------+--------+--------+--------+-----+--------+
         Total |    277 |    277 |      0 |      0 |      0 |   1 |  277.0 |
       Dungeon |    277 |    277 |      0 |      0 |      0 |   1 |  277.0 |
               +--------+--------+--------+--------+--------+-----+--------+

Top non-repeatable levels by time:
     D:5: 277 daAuts
